 Dungeon Crawl Stone Soup version 0.31-a0-18-gea43df2a32 (webtiles) character file.

Game seed: 13165671928342334374

1255 Essalna the Conjurer (level 8, -2/49 HPs)
             Began as a Tengu Fire Elementalist on May 10, 2023.
             Was a Follower of Vehumet.
             Slain by a wraith (9 damage)
             ... on level 6 of the Dungeon.
             The game lasted 00:11:30 (5918 turns).

Essalna the Conjurer (Tengu Fire Elementalist)      Turns: 5918, Time: 00:11:31

Health: -2/49      AC:  7    Str:  9    XL:     8   Next: 51%
Magic:  2/13       EV: 14    Int: 23    God:    Vehumet [*.....]
Gold:   300        SH:  0    Dex: 15    Spells: 6/13 levels left

rFire   . . .        D - staff of conjuration
rCold   + . .        (no shield)
rNeg    . . .        C - +0 leather armour of Pride {rC+ Int+6}
rPois   .            (helmet restricted)
rElec   .            A - +2 cloak {Will+}
rCorr   .            p - +0 pair of gloves
SInv    .            (boots unavailable)
Will    ++...        (no amulet)
Stlth   ++           f - ring of wizardry
HPRegen 0.28/turn    w - ring of willpower
MPRegen 0.13/turn

%: wizardry (x1)
@: flying quickly and evasively, slowed, very slow
A: beak, talons 3, nimble flight
a: Renounce Religion


You were on level 6 of the Dungeon.
You worshipped Vehumet.
Vehumet was aware of your devotion.
You visited 2 branches of the dungeon, and saw 7 of its levels.

You collected 300 gold pieces.

Inventory:

Armour
 a - a +0 robe
 l - a +1 leather armour of fire resistance
 p - a +0 pair of gloves (worn)
 y - a +0 cloak
 A - a +2 cloak of willpower (worn)
 C - the +0 leather armour of Pride (worn) {rC+ Int+6}
   (You found it on level 4 of the Dungeon)

   Int:       It affects your intelligence (+6).
   rC:        It protects you from cold.
Magical Staves
 D - a staff of conjuration (weapon)
Jewellery
 f - a ring of wizardry (left hand)
 w - a ring of willpower (right hand)
 E - a ring of resist corrosion
 K - a +6 ring of strength
Wands
 I - a wand of iceblast (12)
Scrolls
 d - a scroll of vulnerability
 e - 2 scrolls of identify
 h - a scroll of fog
 i - a scroll of fear
 m - a scroll of enchant weapon
 o - a scroll of summoning
 s - a scroll of enchant armour
Potions
 b - a potion of magic
 c - 2 potions of cancellation
 g - 4 potions of curing
 k - 3 potions of heal wounds
 n - a potion of mutation {unknown}
 r - 2 potions of haste {unknown}
 t - a potion of might {unknown}
 u - a potion of lignification {unknown}
 v - 2 potions of brilliance {unknown}
 x - a potion of degeneration {unknown}
 z - a potion of attraction {unknown}
 H - a potion of flight {unknown}


   Skills:
 + Level 5.1 Fighting
 + Level 1.2 Armour
 + Level 2.6 Dodging
 - Level 2.0 Stealth
 + Level 3.2 Spellcasting
 + Level 7.1 Conjurations
 + Level 6.7 Fire Magic


You had 6 spell levels left.
You knew the following spells:

 Your Spells              Type           Power      Damage    Failure   Level
a - Foxfire               Conj/Fire      100%       2x1d9     1%          1
b - Scorch                Fire           68%        2d7       1%          2
c - Flame Wave            Conj/Fire      52%        2d13      3%          4

Your spell library contained the following spells:

 Spells                   Type           Power      Damage    Failure   Level
 Shock                    Conj/Air       100%       1d9       1%          1
 Magic Dart               Conj           100%       1d8       1%          1
 Dazzling Flash           Conj/Hex       60%        N/A       4%          3
 Inner Flame              Hex/Fire       19%        N/A       4%          3
 Stone Arrow              Conj/Erth      60%        3d10      4%          3
 Volatile Blastmotes      Fire/Tloc      38%        2d13      4%          3
 Mephitic Cloud           Conj/Pois/Air  21%        N/A       7%          3
 Call Imp                 Summ           6%         N/A       10%         2
 Sublimation of Blood     Necr           3%         N/A       10%         2
 Wereblood                Tmut           3%         N/A       10%         2
 Gell's Gravitas          Tloc           3%         N/A       19%         3
 Teleport Other           Tloc           3%         N/A       19%         3
 Plasma Beam              Fire/Air       9%         2x1d22    90%         6
 Dispersal                Tloc           1%         N/A       100%        6
 Summon Hydra             Summ           1%         N/A       100%        7


Dungeon Overview and Level Annotations

Branches:
Dungeon (6/15)             Temple (1/1) D:4

Altars:
Cheibriados
Dithmenos
Kikubaaqudgha
Qazlal
Uskayaw
Vehumet
Wu Jian
Yredelemnul
Zin

Shops:
D:1 (   D:2 :   D:4 [


Innate Abilities, Weirdness & Mutations

You have a beak for a mouth.
You have claws for feet.
Your magical nature lets you fly swiftly and evasively.


Message History

Confirm with . or Enter, or press ? or * to list all spells.
You feel a surge of power!
You conjure some foxfire!
The wraith hits you!
* * * LOW HITPOINT WARNING * * *
You hit the wraith but do no damage. You claw the wraith, but do no damage.
Your peck misses the wraith.
The wraith is heavily damaged.
The foxfire hits the wraith but does no damage.
The wraith is heavily damaged.
The foxfire hits the wraith.
The wraith is heavily damaged.
The wraith hits you but does no damage. The wraith barely misses you.
Casting: Foxfire (safe; 1% risk of failure)
Confirm with . or Enter, or press ? or * to list all spells.
You feel a surge of power!
You conjure some foxfire!
The wraith hits you!
* * * LOW HITPOINT WARNING * * *
The wraith drains your vigour!
You feel as though you will be slow longer.
The wraith closely misses you.
You hit the wraith but do no damage. Your kick misses the wraith.
The wraith is heavily damaged.
The foxfire hits the wraith but does no damage.
The wraith is heavily damaged.
The foxfire hits the wraith.
The wraith is severely damaged.
The wraith closely misses you. x2
Casting: Foxfire (safe; 1% risk of failure)
Confirm with . or Enter, or press ? or * to list all spells.
You feel a surge of power!
You conjure some foxfire!
The wraith hits you but does no damage.
You barely miss the wraith.
The wraith is severely damaged.
The foxfire hits the wraith but does no damage.
The wraith is severely damaged.
The foxfire hits the wraith but does no damage.
The wraith is severely damaged.
The wraith misses you. The wraith closely misses you.
Casting: Foxfire (safe; 1% risk of failure)
Confirm with . or Enter, or press ? or * to list all spells.
You feel a surge of power!
You conjure some foxfire!
The wraith hits you!
You die...

* *,,,,,,,* #.##.## * ***,,,***
########.##... * *,,,*
###........##### ******
*.,,######.....######** ,,,,,*
*..,..................***
****,****...#####..........#..,,,
,,,,,,,,,...............##.#,,,,,
*,,,,,,,,.......v.......#*,..,,,,
*,,,,,,,,...!..W@..........,..,,,
,,,,,****...####v..####..?.,,.,,,
****,* *,,,,,....## *.....,,***
,,**,* *,,,**##### *.......*
,,,,,* *,,,* *,,..,,.#* ,,****
*,,,****** #.....~~~## ,**
*,,,,,,,,* #....~♣♣♣~~ ,*
*,,,,,,,,* ###...~♣~~≈~♣ ,****
***,****,,*###~~..♣P~P~~~~


You could see a wraith (ally target).

Vanquished Creatures
  Sigmund (D:2)
  A water moccasin (D:6)
  An ice beast (D:5)
  A black bear (D:5)
  An ogre (D:5)
  A phantom (D:5)
  2 electric eels (D:6)
  A jelly (D:4)
  An orc priest (D:5)
  Crazy Yiuf (D:2)
  2 hounds
  Jessica (D:2)
  Terence (D:2)
  5 orc wizards (D:5)
  3 iguanas (D:5)
  6 adders
  A white imp (D:6)
  2 ufetubi (D:5)
  A dart slug (D:5)
  14 orcs
  6 ball pythons
  6 bats
  10 endoplasms
  4 giant cockroaches
  6 goblins
  6 hobgoblins
  2 jackals (D:4)
  6 kobolds
  5 quokkas
  4 frilled lizards (D:2)
  4 rats
106 creatures vanquished.

Vanquished Creatures (collateral kills)
  2 foxfires (D:6)
2 creatures vanquished.

Vanquished Creatures (others)
  427 foxfires
427 creatures vanquished.

Grand Total: 535 creatures vanquished

Notes
Turn   | Place    | Note
-------+----------+-------------------------------------------
     0 | D:1      | Essalna the Tengu Fire Elementalist began the quest for the
                  | Orb.
     0 | D:1      | Reached XP level 1. HP: 10/10 MP: 4/4
    95 | D:1      | Found Mipukh's Antique Weapon Shoppe.
   238 | D:1      | Reached XP level 2. HP: 10/16 MP: 1/6
   239 | D:1      | Reached skill level 2 in Conjurations
   384 | D:1      | Reached skill level 1 in Fighting
   781 | D:1      | Reached XP level 3. HP: 20/20 MP: 5/7
   876 | D:2      | Noticed Terence
   910 | D:2      | Noticed Jessica
  1026 | D:2      | Killed Jessica
  1027 | D:2      | Reached skill level 3 in Conjurations
  1027 | D:2      | Reached XP level 4. HP: 26/26 MP: 3/8
  1274 | D:2      | Noticed Sigmund
  1280 | D:2      | Killed Sigmund
  1281 | D:2      | Reached skill level 4 in Conjurations
  1281 | D:2      | Gained mutation: Your magical nature lets you fly swiftly
                  | and evasively. [Tengu growth]
  1281 | D:2      | Reached XP level 5. HP: 4/32 MP: 2/9
  1281 | D:2      | Reached XP level 6. HP: 5/37 MP: 2/10
  1284 | D:2      | Learned a level 2 spell: Scorch
  1289 | D:2      | Learned a level 4 spell: Flame Wave
  1450 | D:2      | You are sucked into a shaft and drop 1 floor!
  1540 | D:3      | Reached skill level 5 in Fire Magic
  2339 | D:2      | Killed Terence
  2737 | D:2      | Found Moij's Book Boutique.
  2962 | D:2      | Found a runed translucent door.
  2963 | D:2      | Noticed Crazy Yiuf
  2970 | D:2      | Killed Crazy Yiuf
  3139 | D:3      | Found a stormy altar of Qazlal.
  3149 | D:3      | Found a snail-covered altar of Cheibriados.
  3425 | D:4      | Identified the +0 leather armour of Pride {rC+ Int+6}
  3429 | D:4      | Reached skill level 5 in Conjurations
  3615 | D:4      | Found Edaiptosec's Armour Boutique.
  3916 | D:4      | Found a staircase to the Ecumenical Temple.
  3934 | Temple   | Entered the Ecumenical Temple
  4018 | Temple   | Became a worshipper of Vehumet
  4321 | D:5      | Entered Level 5 of the Dungeon
  4382 | D:5      | Reached XP level 7. HP: 42/42 MP: 4/11
  4525 | D:5      | Reached skill level 6 in Conjurations
  4533 | D:5      | Got the Verses on Hot Concussion
  4975 | D:5      | Reached XP level 8. HP: 46/48 MP: 1/12
  5112 | D:5      | Reached * piety under Vehumet
  5112 | D:5      | Offered knowledge of Shock by Vehumet.
  5341 | D:5      | Identified the +2 long sword of the Warrior {vamp, Will+}
  5665 | D:6      | Reached skill level 5 in Fighting
  5733 | D:6      | Reached skill level 7 in Conjurations
  5735 | D:6      | Reached skill level 1 in Armour
  5898 | D:6      | Noticed a wraith
  5918 | D:6      | Slain by a wraith

Illustrated notes

Levels and vault maps discovered:
D:1:      dpeg_arrival_another_circle, layout_rooms, serial_shops, shop
D:2:      minmay_general_purpose_star, layout_rooms, serial_shops,
          nicolae_shop_back_alley_shop, minmay_pentomino_x2,
          uniq_crazy_yiuf_cottage, uniq_terence, uniq_jessica, uniq_sigmund
D:3:      minmay_diamond_boxcup, layout_basic,
          mainiacjoe_overflow_large_starburst
D:4:      layout_basic, minmay_temple_entry_trees, serial_shops, shop
D:5:      layout_loops_cross
D:6:      layout_loops_cross, trog_ov_bears_minmay, serial_bayou_lagoon_b,
          uniq_edmund, uniq_prince_ribbit1
Temple:   dshaligram_water_room_temple

Skill      XL: |  1  2  3  4  5  6  7  8 |
---------------+-------------------------+-----
Conjurations   | 2 3 4 5 6 7 |  7.1
Fighting       | 1 3 4 5 |  5.1
Fire Magic     | 4 5 6 |  6.7
Spellcasting   | 3 |  3.2
Armour         | 1 |  1.2
Dodging        | |  2.6
Stealth        | |  2.0

Action                     |  1- 3 |  4- 6 |  7- 9 || total
---------------------------+-------+-------+-------++-------
  Melee: Unarmed           |     7 |    41 |       ||    48
         Peck              |     2 |     8 |    15 ||    25
         Kick              |       |    19 |    16 ||    35
         Staff             |       |     9 |    50 ||    59
         Punch             |       |     1 |     1 ||     2
   Cast: Foxfire           |    58 |   101 |    83 ||   242
         Scorch            |       |    15 |    12 ||    27
    Use: Potion            |       |     2 |       ||     2
         Scroll            |       |       |    13 ||    13
   Stab: Sleeping          |       |     2 |       ||     2
 Armour: Robe              |     7 |     1 |       ||     8
         Leather armour    |       |    19 |    23 ||    42
  Dodge: Dodged            |    19 |    51 |    42 ||   112

Table legend: (Time is in decaauts)
 A = Elapsed time spent in this place.
 B = Non-inter-level travel time spent in this place.
 C = Inter-level travel time spent in this place.
 D = Time resting spent in this place.
 E = Time spent auto-exploring this place.
 F = Levels seen in this place.
 G = Mean time per level.
                   A        B        C        D        E       F      G
               +--------+--------+--------+--------+--------+-----+--------+
         Total |   5658 |   5484 |    174 |     94 |   4512 |   7 |  808.3 |
       Dungeon |   5565 |   5404 |    161 |     94 |   4466 |   6 |  927.5 |
        Temple |     92 |     79 |     13 |      0 |     46 |   1 |   92.0 |
               +--------+--------+--------+--------+--------+-----+--------+

Top non-repeatable levels by time:
     D:5: 1200 daAuts
     D:2: 1095 daAuts
     D:1: 1083 daAuts
     D:3: 1034 daAuts
     D:4: 814 daAuts
     D:6: 338 daAuts
  Temple: 92 daAuts
